 Dungeon Crawl Stone Soup version 0.28-a0-674-gdaf460b524 (webtiles) character file.

Game seed: 682431265657495843

4552 blank1 the Protected (level 10, -4/93 HPs)
             Began as a Minotaur Fighter on Oct 18, 2021.
             Slain by a skeletal warrior (15 damage)
             ... on level 9 of the Dungeon.
             The game lasted 00:14:50 (9387 turns).

blank1 the Protected (Minotaur Fighter)             Turns: 9387, Time: 00:14:50

Health: -4/93      AC: 14    Str: 24    XL:     10   Next: 17%
Magic:  9/9        EV: 10    Int:  5    God:
Gold:   520        SH:  4    Dex: 10    Spells: 9/9 levels left

rFire   + . .      SeeInvis .   a - +0 flail
rCold   . . .      Faith    .   c - +0 buckler
rNeg    . . .      Spirit   .   j - +0 chain mail
rPois   +          Reflect  .   (helmet restricted)
rElec   .          Harm     .   (no cloak)
rCorr   .          Rampage  .   n - +0 pair of gloves
Will    .....                   (no boots)
Stlth   ..........              (no amulet)
HPRegen 0.25/turn               u - ring of protection from fire
MPRegen 0.11/turn               x - ring of poison resistance

@: studying Armour
A: horns 2, retaliatory headbutt
a: no special abilities


You were on level 9 of the Dungeon.
You visited 2 branches of the dungeon, and saw 10 of its levels.

You collected 520 gold pieces.

Inventory:

Hand Weapons
 a - a +0 flail (weapon)
Missiles
 e - 7 boomerangs (quivered)
 y - a throwing net
Armour
 c - a +0 buckler (worn)
 j - a +0 chain mail (worn)
 n - a +0 pair of gloves (worn)
Jewellery
 p - a ring of protection from cold
 u - a ring of protection from fire (left hand)
 x - a ring of poison resistance (right hand)
Wands
 o - a wand of acid (10)
Scrolls
 f - 2 scrolls of fog {unknown}
 g - a scroll of blinking {unknown}
 l - 2 scrolls of noise {unknown}
 r - a scroll of vulnerability {unknown}
 v - 2 scrolls of teleportation {unknown}
 w - a scroll of fear {unknown}
 A - 2 scrolls of amnesia {unknown}
 B - a scroll of enchant weapon {unknown}
 D - a scroll of magic mapping
 E - a scroll of immolation {unknown}
Potions
 b - a potion of brilliance
 d - 2 potions of might
 h - 4 potions of flight
 i - 5 potions of attraction
 k - 2 potions of curing
 m - a potion of berserk rage {unknown}
 q - 2 potions of haste
 s - a potion of lignification {unknown}
 t - 2 potions of mutation
 z - 2 potions of degeneration {unknown}
 C - a potion of ambrosia


   Skills:
 - Level 10.0 Fighting
 - Level 10.0 Maces & Flails
 + Level 14.0 Armour
 + Level 5.0 Dodging
 - Level 4.0 Shields
 + Level 0.3 Evocations


You had 9 spell levels left.
You didn't know any spells.
Your spell library was empty.

Dungeon Overview and Level Annotations

Branches:
Dungeon (9/15)             Temple (1/1) D:7            Lair (0/6) D:8
    Orc: D:9-12

Altars:
Ashenzari
Cheibriados
Dithmenos
Elyvilon
Gozag
Hepliaklqana
Kikubaaqudgha
Makhleb
Nemelex Xobeh
Qazlal
Ru
Sif Muna
Trog
Uskayaw
Vehumet
Wu Jian
Xom
Yredelemnul
Zin

Annotations:
D:8 2 transporters, pigah's ghost, novice OpWn


Innate Abilities, Weirdness & Mutations

You have a pair of horns on your head.
You reflexively headbutt those who attack you in melee.


Message History

You block the skeletal warrior's attack.
You hit the skeletal warrior.
The skeletal warrior is moderately damaged.
The skeletal warrior hits you with a +0 short sword!
You hit the skeletal warrior but do no damage.
You headbutt the skeletal warrior, but do no damage.
The skeletal warrior is moderately damaged.
The skeletal warrior barely misses you. You furiously retaliate!
You headbutt the skeletal warrior, but do no damage.
You closely miss the skeletal warrior.
Your headbutt misses the skeletal warrior.
The skeletal warrior is moderately damaged.
The skeletal warrior hits you with a +0 short sword!
* * * LOW HITPOINT WARNING * * *
You hit the skeletal warrior.
Your headbutt misses the skeletal warrior.
The skeletal warrior is moderately damaged.
The skeletal warrior barely misses you. You furiously retaliate!
You headbutt the skeletal warrior!
You hit the skeletal warrior but do no damage.
Your headbutt misses the skeletal warrior.
The skeletal warrior is heavily damaged.
The skeletal warrior barely misses you.
You hit the skeletal warrior.
The skeletal warrior is heavily damaged.
You hit the skeletal warrior.
You headbutt the skeletal warrior, but do no damage.
The skeletal warrior is severely damaged.
You block the skeletal warrior's attack.
You barely miss the skeletal warrior.
The skeletal warrior is severely damaged.
The skeletal warrior completely misses you.
You closely miss the skeletal warrior.
The skeletal warrior is severely damaged.
The skeletal warrior hits you with a +0 short sword!
* * * LOW HITPOINT WARNING * * *
You hit the skeletal warrior but do no damage.
The skeletal warrior is severely damaged.
The skeletal warrior hits you with a +0 short sword!
You die...

#.....)<)#
#######'##
######....#
#......#### .
#.###### #.
##)####### ..
#.)......### .####
#........'.###......
#........#..@z?.....
#........#####......
#........# .....
#........# ....
#........# ###
#........#
##########


You could see a skeletal warrior.

Vanquished Creatures
  A komodo dragon (D:8)
  A wraith (D:9)
  6 yaks (D:8)
  4 steam dragons
  3 water moccasins
  An orc warrior (D:8)
  2 sky beasts
  An ice beast (D:4)
  2 black bears (D:6)
  2 ogres
  2 centaurs (D:8)
  2 kobold brigands
  A bullfrog (D:8)
  A gnoll sergeant (D:5)
  5 scorpions
  A water moccasin zombie (D:5)
  A water moccasin skeleton (D:5)
  5 killer bees (D:8)
  2 howler monkeys (D:5)
  3 hounds
  A centaur skeleton (D:5)
  A gnoll shaman (D:6)
  A jelly (D:6)
  2 iguanas (D:4)
  5 orc wizards
  2 howler monkey zombies (D:6)
  8 gnolls
  An adder (D:2)
  A shadow imp (D:6)
  A white imp (D:8)
  2 ufetubi
  2 worms
  4 dart slugs
  13 orcs
  13 ball pythons
  4 endoplasms
  4 giant cockroaches
  5 goblins
  6 hobgoblins
  5 jackals
  4 quokkas
  4 frilled lizards
  15 kobolds
  5 rats
155 creatures vanquished.

Vanquished Creatures (others)
  5 plants
  3 withered plants (D:2)
8 creatures vanquished.

Grand Total: 163 creatures vanquished

Notes
Turn   | Place    | Note
-------+----------+-------------------------------------------
     0 | D:1      | blank1 the Minotaur Fighter began the quest for the Orb.
     0 | D:1      | Reached XP level 1. HP: 19/19 MP: 0/0
   211 | D:1      | Reached XP level 2. HP: 27/27 MP: 1/1
   376 | D:1      | Reached skill level 4 in Armour
   556 | D:1      | Reached XP level 3. HP: 29/33 MP: 2/2
   904 | D:2      | Found a faded altar of an unknown god.
  1991 | D:3      | Reached XP level 4. HP: 26/40 MP: 3/3
  1996 | D:3      | Reached skill level 1 in Dodging
  2841 | D:4      | Reached XP level 5. HP: 43/47 MP: 4/4
  2929 | D:4      | Noticed an ice beast
  2939 | D:4      | Killed an ice beast
  2940 | D:4      | Reached skill level 5 in Fighting
  2940 | D:4      | Reached skill level 5 in Maces & Flails
  2940 | D:4      | Reached skill level 5 in Armour
  2968 | D:4      | Reached XP level 6. HP: 47/56 MP: 5/5
  3664 | D:5      | Entered Level 5 of the Dungeon
  3749 | D:5      | Reached XP level 7. HP: 54/64 MP: 6/6
  4011 | D:5      | Found a shimmering blue altar of Sif Muna.
  4018 | D:5      | Found an opulent altar of Gozag.
  4018 | D:5      | Found a shadowy altar of Dithmenos.
  4025 | D:5      | Found a white marble altar of Elyvilon.
  4028 | D:5      | Found a broken altar of Ashenzari.
  4644 | D:6      | Identified a scroll of acquirement
  4644 | D:6      | Acquired a manual of Armour
  4666 | D:6      | Reached skill level 6 in Armour
  4666 | D:6      | Reached XP level 8. HP: 61/73 MP: 7/7
  4881 | D:6      | Reached skill level 7 in Armour
  5002 | D:6      | Reached skill level 8 in Armour
  5374 | D:6      | Reached skill level 9 in Armour
  5533 | D:6      | Reached skill level 10 in Armour
  5637 | D:6      | Found a bloodstained altar of Trog.
  5830 | D:7      | Reached skill level 11 in Armour
  6042 | D:7      | Found a staircase to the Ecumenical Temple.
  6104 | Temple   | Entered the Ecumenical Temple
  6217 | D:7      | Reached XP level 9. HP: 73/83 MP: 8/8
  7124 | D:8      | Found a staircase to the Lair.
  7125 | D:8      | Noticed a komodo dragon
  7151 | D:8      | Killed a komodo dragon
  7152 | D:8      | Reached skill level 13 in Armour
  7650 | D:8      | Found a sacrificial altar of Ru.
  7690 | D:8      | Found a shimmering altar of Xom.
  8115 | D:8      | Found a sparkling altar of Nemelex Xobeh.
  8258 | D:8      | Reached skill level 14 in Armour
  8267 | D:8      | Reached skill level 10 in Fighting
  8277 | D:8      | HP: 2/85 [killer bee (6)]
  8731 | D:8      | Noticed pigah's ghost (novice OpWn)
  8742 | D:8      | Noticed a queen bee
  8747 | D:8      | Found a stormy altar of Qazlal.
  8871 | D:8      | Found a transporter.
  8886 | D:8      | Reached skill level 5 in Dodging
  8906 | D:8      | Reached XP level 10. HP: 56/93 MP: 9/9
  9063 | D:8      | Found a transporter.
  9340 | D:9      | Reached skill level 10 in Maces & Flails
  9362 | D:9      | Noticed a skeletal warrior
  9387 | D:9      | Slain by a skeletal warrior

Illustrated notes

Levels and vault maps discovered:
D:1:      evilmike_arrival_crescent, layout_basic, minmay_misc_feat_hallway
D:2:      layout_loops_ring, shapermc_ecumenical_altar_flowoftime
D:3:      layout_basic
D:4:      layout_basic, st_stairs_7
D:5:      layout_rooms, minmay_overflow_temple_star_hex, minmay_misc_feat_roman
D:6:      layout_gridville, trog_ov_bears_minmay, minmay_hedge_maze,
          hangedman_abyss_or_decor_lesser_grid
D:7:      layout_loops_corners, temple_pool_b, lemuel_flamethrower_2
D:8:      layout_gridville, mainiacjoe_overflow_six_doors_small,
          nemelex_diamond_rough_becter, amcnicky_altar_gilded,
          nicolae_qazlal_style_of_elements, david_lair_shrubbed,
          gammafunk_ghost_hive
D:9:      layout_roguey, tso_altar, serial_undead, serial_undead_b,
          serial_undead_a, serial_undead_e, serial_undead_f, blue_anna_alchemist
Temple:   dpeg_three_leaves_temple

Skill      XL: |  1  2  3  4  5  6  7  8  9 10 |
---------------+-------------------------------+-----
Fighting       | 4 5 6 7 9 10 | 10.0
Shields        | 4 |  4.0
Armour         | 4 5 6 11 14 | 14.0
Maces & Flails | 3 4 5 6 7 9 10 | 10.0
Dodging        | 1 2 3 5 |  5.0
Evocations     | |  0.3

Action                   |  1- 3 |  4- 6 |  7- 9 | 10-12 || total
-------------------------+-------+-------+-------+-------++-------
Melee: Flail             |   119 |    97 |   311 |    71 ||   598
       Headbutt          |    20 |    23 |    60 |    12 ||   115
  Use: Scroll            |       |       |     7 |       ||     7
       Potion            |       |       |     2 |       ||     2
Armor: Scale mail        |    19 |       |       |       ||    19
       Chain mail        |    30 |    43 |   213 |    35 ||   321
Dodge: Dodged            |    41 |    33 |   172 |    20 ||   266
Block: Buckler           |    20 |    26 |    87 |    15 ||   148

Table legend: (Time is in decaauts)
 A = Elapsed time spent in this place.
 B = Non-inter-level travel time spent in this place.
 C = Inter-level travel time spent in this place.
 D = Time resting spent in this place.
 E = Time spent auto-exploring this place.
 F = Levels seen in this place.
 G = Mean time per level.
                   A        B        C        D        E       F      G
               +--------+--------+--------+--------+--------+-----+--------+
         Total |   9437 |   9183 |    254 |   1707 |   6113 |  10 |  943.7 |
       Dungeon |   9356 |   9116 |    240 |   1707 |   6055 |   9 | 1039.6 |
        Temple |     80 |     66 |     14 |      0 |     58 |   1 |   80.0 |
               +--------+--------+--------+--------+--------+-----+--------+

Top non-repeatable levels by time:
     D:8: 1942 daAuts
     D:7: 1440 daAuts
     D:6: 1181 daAuts
     D:4: 1038 daAuts
     D:2: 996 daAuts
     D:3: 979 daAuts
     D:1: 858 daAuts
     D:5: 807 daAuts
     D:9: 110 daAuts
  Temple: 80 daAuts
